 Dungeon Crawl Stone Soup version 0.20-a0-1089-g3fde505 (webtiles) character file.

74 Alarkh the Chopper (level 4, 16/35 HPs)
             Began as a Demonspawn Monk on May 2, 2017.
             Got out of the dungeon alive.
             The game lasted 00:01:19 (1675 turns).

Alarkh the Chopper (Demonspawn Monk)                Turns: 1675, Time: 00:01:19

Health: 16/35      AC:  2    Str: 16    XL:     4   Next: 10%
Magic:  4/4        EV: 13    Int: 12    God:
Gold:   64         SH:  4    Dex: 16    Spells: 3/3 levels left

rFire    . . .     SeeInvis .   a - +0 hand axe
rCold    . . .     Gourm    .   (no shield)
rNeg     . . .     Faith    .   b - +0 robe
rPois    .         Spirit   .   (no helmet)
rElec    .         Reflect  .   (no cloak)
rCorr    .         Harm     .   (no gloves)
MR       .....                  (no boots)
Stlth    ++........             (no amulet)
Regen    0.2/turn               (no ring)
MPRegen  0.1/turn               (no ring)

@: mighty
A: hooves 1, large bone plates 1, powered by pain 1
a: no special abilities


You escaped.
You were not hungry.

You visited 1 branch of the dungeon, and saw 2 of its levels.

You collected 64 gold pieces.

Inventory:

Hand Weapons
 a - a +0 hand axe (weapon)
Armour
 b - a +0 robe (worn)
Scrolls
 e - 2 scrolls of fog {unknown}
 h - 2 scrolls of remove curse {unknown}
 i - 2 scrolls of magic mapping {unknown}
 l - a scroll of identify {unknown}
Potions
 f - a potion of curing
Comestibles
 c - a bread ration
 d - 4 chunks of flesh
 g - 2 meat rations
 j - a royal jelly
 k - 2 fruits


   Skills:
 - Level 3.0 Fighting
 + Level 4.5 Axes
 - Level 2.6 Dodging
 - Level 1.7 Stealth


You had 3 spell levels left.
You didn't know any spells.

Dungeon Overview and Level Annotations

Branches:
Dungeon (2/15)

Altars:


Innate Abilities, Weirdness & Mutations

You have large cloven feet.
You are partially covered in large bone plates. (SH +4)
You sometimes gain a little power by taking damage.


Message History

The goblin hits you but does no damage.
You slash the goblin!
You kill the goblin!
You see here a goblin corpse.
d - 5 chunks of flesh (gained 3)
There is a stone staircase leading up here.
You climb upwards.
There is a stone staircase leading down here.
Eating one of 5 chunks of flesh.
You eat one of the 5 chunks of flesh.
This raw flesh tastes terrible.
You see here a club.
A frilled lizard comes into view.
You are too injured to fight recklessly!
The frilled lizard hisses angrily.
You slash the frilled lizard!
You kill the frilled lizard!
You see here a frilled lizard corpse.
There is a staircase leading out of the dungeon here.
Are you sure you want to leave the Dungeon?
This will make you lose the game!
You have escaped!

....#..........#...##..##.....#
.÷.....##...#......###.######.#
...##...###.#.#........## #.#
...###..............#...## #.##
....##...................## #..#
##...#####..#########†....# ##.#
##...#####.............#.#####.#
...............................#
####.....##.....@.....#...######
##........................#
#....................######
#..........#########.#
#....................#
#....................#
#................#####
#.......>........#
##..............##


There were no monsters in sight!

Vanquished Creatures
  3 adders (D:2)
  An ooze (D:2)
  A worm (D:2)
  A dart slug (D:2)
  A leopard gecko (D:1)
  2 giant cockroaches
  4 goblins
  8 hobgoblins
  3 kobolds (D:1)
  2 quokkas (D:2)
  7 frilled lizards
  5 rats
38 creatures vanquished.

Notes
Turn   | Place    | Note
-------+----------+-------------------------------------------
     0 | D:1      | Alarkh the Demonspawn Monk began the quest for the Orb.
     0 | D:1      | Reached XP level 1. HP: 18/18 MP: 1/1
    21 | D:1      | Reached skill level 3 in Axes
   281 | D:1      | Gained mutation: You are partially covered in large bone plates. (SH +4) [demonic ancestry]
   281 | D:1      | Reached XP level 2. HP: 21/24 MP: 2/2
   779 | D:2      | Gained mutation: You sometimes gain a little power by taking damage. [demonic ancestry]
   779 | D:2      | Reached XP level 3. HP: 17/29 MP: 3/3
  1043 | D:2      | Reached skill level 4 in Axes
  1597 | D:2      | Gained mutation: You have large cloven feet. [demonic ancestry]
  1597 | D:2      | Reached XP level 4. HP: 35/35 MP: 4/4
  1675 | D:$      | Got out of the dungeon alive.

Vault maps used:
D:1:      minmay_arrival_semitransparent
D:2:      patterned_corridor

Skill      XL: |  1  2  3 |
---------------+----------+-----
Axes           | 3 4 |  4.5
Fighting       | |  3.0
Dodging        | |  2.6
Stealth        | |  1.7

Action                   |  1- 3 |  4- 6 || total
-------------------------+-------+-------++-------
Melee: Hand axe          |   124 |    14 ||   138
       Kick              |       |     6 ||     6
  Use: Potion            |     1 |     1 ||     2
 Stab: Sleeping          |     6 |       ||     6
  Eat: Chunk             |     2 |     1 ||     3
Armor: Robe              |    17 |     1 ||    18
Dodge: Dodged            |    63 |     6 ||    69
Block: Other             |    21 |     1 ||    22
